 Dungeon Crawl Stone Soup version 0.18.1-5-g4a78601 (webtiles) character file.

59 Bubs the Shield-Bearer (level 4, 0/37 HPs)
             Began as a Formicid Fighter on May 11, 2016.
             Succumbed to an adder's poison
             ... on level 2 of the Dungeon.
             The game lasted 00:02:23 (978 turns).

Bubs the Shield-Bearer (Formicid Fighter)            Turns: 978, Time: 00:02:24

Health: 0/37       AC:  7    Str: 21    XL:     4   Next: 22%
Magic:  4/4        EV:  8    Int:  8    God:
Gold:   96         SH:  9    Dex: 10    Spells: 0 memorised, 3 levels left

rFire  . . .     SeeInvis +     a - +0 war axe
rCold  . . .     Gourm    .     b - +0 scale mail
rNeg   . . .     Faith    .     c - +0 shield
rPois  .         Spirit   .     (helmet unavailable)
rElec  .         Dismiss  .     (no cloak)
rCorr  .         Reflect  .     (no gloves)
SustAt .         Harm     .     (no boots)
MR     .....                    (no amulet)
Stlth  ..........               (no ring)
                                (no ring)

@: lethally poisoned (0 -> -8), not resistant to hostile enchantments, extremely
unstealthy
A: permanent stasis, dig shafts and tunnels, four strong arms, antennae 3
a: Dig, Shaft Self


You were on level 2 of the Dungeon.
You were hungry.

You visited 1 branch of the dungeon, and saw 2 of its levels.

You collected 96 gold pieces.

Inventory:

Hand Weapons
 a - a +0 war axe (weapon)
Armour
 b - a +0 scale mail (worn)
 c - a +0 shield (worn)
Scrolls
 j - a scroll of enchant weapon {unknown}
 m - a scroll of enchant armour {unknown}
Potions
 d - a potion of might
 e - 2 potions of curing {unknown}
 h - a potion of heal wounds {unknown}
 i - a potion of mutation {unknown}
Comestibles
 f - 2 bread rations
 g - a beef jerky
 l - a slice of pizza


   Skills:
 + Level 3.8 Fighting
 + Level 2.6 Axes
 + Level 4.0 Armour
 + Level 4.2 Shields


You had 3 spell levels left.
You didn't know any spells.

Dungeon Overview and Level Annotations

Branches:
Dungeon (2/15)

Altars:
Ashenzari
Zin
The Shining One


Innate Abilities, Weirdness & Mutations

You are under a permanent stasis effect.
You can dig through walls and to a lower floor.
Your four strong arms can wield two-handed weapons with a shield.
You have a pair of large antennae on your head (SInv).


Message History

The adder is heavily wounded.
You feel sick. The adder bites you.
* * * LOW HITPOINT WARNING * * *
You are more poisoned.
The adder poisons you! The adder bites you but does no damage.
You miss the adder.
The adder is moderately wounded.
* * * LOW HITPOINT WARNING * * *
You feel sick. You block the adder's attack. The adder barely misses you.
You barely miss the adder.
The adder is moderately wounded.
* * * LOW HITPOINT WARNING * * *
You feel sick. You block the adder's attack. x2
Your shield and scale mail prevent you from hitting the adder.
The adder is moderately wounded.
* * * LOW HITPOINT WARNING * * *
You feel sick. The adder barely misses you. x2
You closely miss the adder.
The adder is moderately wounded.
You die...

####.#.### .........#
.####.##.######
.##............
.##.###...##.# # ..#.
##..## .# ..#
##...##.######.#
######....#....S....#
..####..###.....@.#
...###..# #.#####.#
...###..# #.#
.#..##..# #.#
##..#..## #>#
##....### #.#
##...##.#### #.#
######.....# #.# #
##.##.######.#


You could see an adder.

Vanquished Creatures
  2 adders (D:2)
  An ooze (D:1)
  A dart slug (D:1)
  A giant gecko (D:2)
  5 bats
  2 giant cockroaches
  3 goblins
  5 hobgoblins
  2 ball pythons
  A giant newt (D:2)
  4 kobolds
  5 rats
32 creatures vanquished.

Notes
Turn   | Place    | Note
--------------------------------------------------------------
     0 | D:1      | Bubs the Formicid Fighter began the quest for the Orb.
     0 | D:1      | Reached XP level 1. HP: 18/18 MP: 1/1
   100 | D:1      | Reached XP level 2. HP: 24/24 MP: 2/2
   317 | D:1      | Reached XP level 3. HP: 25/29 MP: 3/3
   577 | D:2      | Reached XP level 4. HP: 35/37 MP: 4/4
   612 | D:2      | Found a shattered altar of Ashenzari.
   690 | D:2      | Found a glowing silver altar of Zin.
   770 | D:2      | Found a glowing golden altar of the Shining One.
   977 | D:2      | HP: 1/37 [poisoned by an adder]
   978 | D:2      | Succumbed to an adder's poison

Skill      XL: |  1  2  3  4 |
---------------+-------------+-----
Shields        | 4 |  4.2
Armour         | 4 |  4.0
Fighting       | |  3.8
Axes           | |  2.6

Action                   |  1- 3 |  4- 6 || total
-------------------------+-------+-------++-------
Melee: War axe           |    80 |    54 ||   134
Armor: Scale mail        |    40 |    26 ||    66
Dodge: Dodged            |    39 |    22 ||    61
Block: Shield            |    55 |    40 ||    95
